 Dungeon Crawl Stone Soup version 0.30-a0-1103-g25895a7845 (webtiles) character file.

Game seed: 5754180727234186379

79654 Darkkill the Marksminotaur (level 15, -5/145 HPs)
             Began as a Minotaur Hunter on Apr 18, 2023.
             Was an Initiate of Gozag.
             Slain by a tentacled starspawn (15 damage)
             ... on level 2 of the Abyss.
             The game lasted 00:48:52 (21929 turns).

Darkkill the Marksminotaur (Minotaur Hunter)       Turns: 21929, Time: 00:48:53

Health: -5/145     AC: 17    Str: 23    XL:     15   Next: 21%
Magic:  4/4        EV: 25    Int: 17    God:    Gozag
Gold:   1343       SH:  5    Dex: 26    Spells: 14/14 levels left

rFire   + + .      SeeInvis .    a - +4 longbow "Olyar" {antimagic, rElec rF+ Str+2 Dex+3}
rCold   . . .      Faith    .    (shield currently unavailable)
rNeg    + + +      Spirit   .    L - +5 chain mail of Responsibility {rN++ Will+ Str+3 Stlth-}
rPois   .          Reflect  +    (helmet restricted)
rElec   +          Rampage  .    C - +0 cloak
rCorr   .                        (no gloves)
Will    +....                    N - +2 pair of boots of Ufuwkel {Will- Str+2 Int+9}
Stlth   +                        J - amulet of reflection
HPRegen 0.00/turn                g - +5 ring of evasion
MPRegen 0.09/turn                S - ring of Umoptagh {rF+ rN+ Int+2 Dex+2 Stlth-}

@: about to teleport, gold aura, sick
A: horns 2, retaliatory headbutt
a: Renounce Religion, Potion Petition, Call Merchant, Bribe Branch


You were on level 2 of the Abyss.
You worshipped Gozag.
Gozag was most pleased with you.
You visited 3 branches of the dungeon, and saw 20 of its levels.
You visited the Abyss 1 time.
You also visited: Gauntlet.

You collected 7706 gold pieces.
You spent 3267 gold pieces at shops.
You paid 3096 gold pieces to Gozag.

Inventory:

Hand Weapons
 a - the +4 longbow "Olyar" (weapon) {antimagic, rElec rF+ Str+2 Dex+3}
   (You bought it in a shop on level 1 of the Lair of Beasts)

   Str:       It affects your strength (+2).
   Dex:       It affects your dexterity (+3).
   rF:        It protects you from fire.
   rElec:     It insulates you from electricity.
 b - the +7 lajatang of Wada {venom, *Corrode rElec Dex+6}
   (You found it in a Gauntlet)

   Dex:       It affects your dexterity (+6).
   rElec:     It insulates you from electricity.
   *Corrode:  It may corrode you when you take damage.
 W - a +1 arbalest
Missiles
 o - 49 poisoned darts
 x - 17 boomerangs of dispersal {=f !f}
 z - 11 boomerangs
 A - 12 javelins
 E - 3 curare-tipped darts {=f !f}
Armour
 C - a +0 cloak (worn)
 L - the +5 chain mail of Responsibility (worn) {rN++ Will+ Str+3 Stlth-}
   (You bought it in a shop on level 4 of the Lair of Beasts)

   Str:       It affects your strength (+3).
   rN:        It greatly protects you from negative energy.
   Will:      It increases your willpower.
   Stlth:     It makes you less stealthy.
 N - the +2 pair of boots of Ufuwkel (worn) {Will- Str+2 Int+9}
   (You bought it in a shop on level 11 of the Dungeon)

   Str:       It affects your strength (+2).
   Int:       It affects your intelligence (+9).
   Will:      It decreases your willpower.
Jewellery
 g - a +5 ring of evasion (left hand)
 J - an amulet of reflection (around neck)
 S - the ring of Umoptagh (right hand) {rF+ rN+ Int+2 Dex+2 Stlth-}
   (You found it in a Gauntlet)

   [ring of protection from fire]

   Int:       It affects your intelligence (+2).
   Dex:       It affects your dexterity (+2).
   rF:        It protects you from fire.
   rN:        It protects you from negative energy.
   Stlth:     It makes you less stealthy.
Wands
 f - a wand of charming (14)
 u - a wand of polymorph (3)
 y - a wand of iceblast (11)
 B - a wand of mindburst (3)
 K - a wand of light (6)
 T - a wand of flame (11)
Scrolls
 j - 4 scrolls of immolation
 l - a scroll of fear
 m - 6 scrolls of teleportation
 n - 3 scrolls of magic mapping
 D - 3 scrolls of butterflies
 G - 2 scrolls of amnesia
Potions
 d - 7 potions of lignification
 i - a potion of degeneration
 k - 2 potions of attraction
 p - a potion of flight {unknown}
 q - 3 potions of resistance
 r - 2 potions of brilliance
 s - 3 potions of berserk rage
 v - 3 potions of curing {@q1}
 w - 4 potions of cancellation
 F - 8 potions of ambrosia
 H - 2 potions of might
 I - 3 potions of invisibility
 O - 2 potions of magic
 P - 3 potions of haste {unknown}
Miscellaneous
 e - a box of beasts
 h - a lightning rod (4/4)
 t - a phantom mirror
 M - a phial of floods
 Q - a tin of tremorstones (1/2)
 U - a piece from Xom's chessboard (15/15)


   Skills:
 + Level 16.5 Fighting
 + Level 17.9 Ranged Weapons
 + Level 15.2 Dodging
 + Level 12.8 Stealth


You had 14 spell levels left.
You didn't know any spells.
Your spell library contained the following spells:

 Spells                   Type           Power      Damage    Failure   Level
 Beastly Appendage        Tmut           0%         N/A       86%         1
 Freeze                   Ice            0%         1d3       86%         1
 Magic Dart               Conj           0%         1d3       86%         1
 Shock                    Conj/Air       0%         1d3       86%         1
 Summon Small Mammal      Summ           0%         N/A       86%         1
 Call Imp                 Summ           0%         N/A       94%         2
 Cigotuvi's Dreadful Rot  Necr/Pois/Air  0%         N/A       94%         2
 Ensorcelled Hibernation  Hex/Ice        0%         N/A       94%         2
 Scorch                   Fire           0%         2d5       94%         2
 Static Discharge         Conj/Air       0%         2-2/arc   94%         2
 Wereblood                Tmut           0%         N/A       94%         2
 Call Canine Familiar     Summ           0%         N/A       99%         3
 Frozen Ramparts          Ice            0%         1d1       99%         3
 Gell's Gravitas          Tloc           0%         N/A       99%         3
 Hailstorm                Conj/Ice       0%         3d3       99%         3
 Ignite Poison            Fire/Tmut/Pois 0%         N/A       99%         3
 Mephitic Cloud           Conj/Pois/Air  0%         N/A       99%         3
 Ozocubu's Armour         Ice            0%         N/A       99%         3
 Spider Form              Tmut/Pois      0%         N/A       99%         3
 Stone Arrow              Conj/Erth      0%         3d7       99%         3
 Summon Guardian Golem    Hex/Summ       0%         N/A       99%         3
 Swiftness                Air            0%         N/A       99%         3
 Teleport Other           Tloc           0%         N/A       99%         3
 Volatile Blastmotes      Fire/Tloc      0%         2d10      99%         3
 Airstrike                Air            0%         2d(0-16)  100%        4
 Anguish                  Hex/Necr       0%         N/A       100%        4
 Cause Fear               Hex            0%         N/A       100%        4
 Flame Wave               Conj/Fire      0%         2d4       100%        4
 Fulminant Prism          Conj/Hex       0%         3d5       100%        4
 Iskenderun's Mystic Bla  Conj/Tloc      0%         2d3       100%        4
 Leda's Liquefaction      Hex/Erth       0%         N/A       100%        4
 Blade Hands              Tmut           0%         N/A       100%        5
 Freezing Cloud           Conj/Ice/Air   0%         6-21      100%        5
 Irradiate                Conj/Tmut      0%         3d11      100%        5
 Lee's Rapid Deconstruct  Erth           0%         3d4*      100%        5
 Metabolic Englaciation   Hex/Ice        0%         N/A       100%        5
 Conjure Ball Lightning   Conj/Air       0%         3x3d6     100%        6
 Dispersal                Tloc           0%         N/A       100%        6
 Iron Shot                Conj/Erth      0%         9d1       100%        6
 Statue Form              Tmut/Erth      0%         N/A       100%        6
 Summon Cactus Giant      Summ           0%         N/A       100%        6
 Dragon Form              Tmut           0%         N/A       100%        7
 Storm Form               Tmut/Air       0%         N/A       100%        7
 Lehudib's Crystal Spear  Conj/Erth      0%         10d2      100%        8
 Chain Lightning          Conj/Air       0%         N/A       100%        9
 Simulacrum               Ice/Necr       Unusable   N/A       N/A         6

Dungeon Overview and Level Annotations

Branches:
Dungeon (13/15)            Temple (0/1) D:5            Lair (5/5) D:10
  Swamp (0/4) Lair:2        Snake (0/4) Lair:3        Slime (0/5) Lair:4
    Orc (2/2) D:12            Elf (0/3) Orc:2       Gauntlet (visited)
 Vaults: D:13-14

Altars:
Ashenzari
Fedhas
Gozag
Hepliaklqana
Kikubaaqudgha
Okawaru
Ru
Trog
Uskayaw
Yredelemnul
Zin
Jiyva

Shops:
D:3 **   D:7 (?   D:8 =:*!   D:11 [   D:12 (=   Orc:2 :*:([!?**   Lair:1 (
Lair:4 [

Annotations:
D:2 1 runed translucent door, Crazy Yiuf
D:5 2 transporters, nononono's ghost, weakling HuNe
D:6 3 runed translucent doors, NateTC's ghost, novice MiBe; roninjake's ghost, novice DsFi
D:9 2 transporters
D:13 Erolcha


Innate Abilities, Weirdness & Mutations

You have a pair of horns on your head.
You reflexively headbutt those who attack you in melee.


Message History

You headbutt the Executioner!
The Executioner hits you but does no damage.
You block the Executioner's attack. x3; The Executioner misses you.
The tentacled starspawn bites you but does no damage.
The tentacled starspawn tentacle-slaps you but does no damage.
The Executioner attacks as you move away!
The Executioner misses you.
The Executioner hits you but does no damage. x2
A quasit comes into view.
The quasit gives a chilling moan.
You hear a faint skittering sound.
The Executioner closely misses you. The Executioner hits you.
The Executioner closely misses you.
The tentacled starspawn barely misses you.
You furiously retaliate!
You headbutt the tentacled starspawn. The tentacled starspawn misses you.
The Executioner completely misses you.
The Executioner hits you but does no damage.
You block the Executioner's attack.
The Executioner attacks as you move away!
The Executioner misses you. You furiously retaliate!
You headbutt the Executioner. You block the Executioner's attack.
The Executioner hits you but does no damage.
The Executioner hits you!
The Executioner hits you but does no damage. x2
Tentacles burst from the starspawn's body!
The Executioner closely misses you. The Executioner completely misses you.
The Executioner closely misses you. 2 starspawn tentacles come into view.
You shoot an arrow. The arrow hits the quasit!!
You kill the quasit!
The Executioner completely misses you. You furiously retaliate!
You headbutt the Executioner! The Executioner completely misses you.
The Executioner hits you but does no damage.
The Executioner is distracted by your dazzling golden aura.
The tentacled starspawn misses you. You furiously retaliate!
You headbutt the tentacled starspawn.
The tentacled starspawn closely misses you.
The starspawn tentacle grabs you. The starspawn tentacle constricts you.
You shoot an arrow. The arrow hits the starspawn tentacle!
The starspawn tentacle is heavily damaged.
The Executioner is no longer distracted by gold.
The Executioner hits you. The Executioner misses you. The Executioner hits you.
The Executioner barely misses you. You block the Executioner's attack.
The Executioner hits you but does no damage.
The Executioner hits you!
* * * LOW HITPOINT WARNING * * *
The Executioner hits you but does no damage. x2
The tentacled starspawn completely misses you.
The tentacled starspawn barely misses you.
The starspawn tentacle constricts you.
You feel much better. The Executioner closely misses you.
You furiously retaliate!
You headbutt the Executioner. You block the Executioner's attack.
The Executioner hits you. x2
The Executioner closely misses you. The Executioner misses you.
The Executioner hits you!
* * * LOW HITPOINT WARNING * * *
The Executioner closely misses you. The Executioner hits you.
* * * LOW HITPOINT WARNING * * *
The starspawn tentacle constricts you.
* * * LOW HITPOINT WARNING * * *
The tentacled starspawn closely misses you.
The tentacled starspawn tentacle-slaps you but does no damage.
Read: 2 scrolls of fear
Press: ? - help, Q - select action, (/) - cycle Dir - look around, f - activate Look: an Executioner (moderately wounded, fast, chance to affect: 16%)
As you read the scroll of fear, it crumbles to dust.
You assume a fearsome visage.
The shadow is unaffected.
The tentacled starspawn is unaffected.
The Executioner resists with almost no effort.
The starspawn tentacle is unaffected. x2
The Executioner hits you.
* * * LOW HITPOINT WARNING * * *
The Executioner hits you but does no damage. x2
The Executioner is distracted by your dazzling golden aura.
The starspawn tentacle constricts you. The tentacled starspawn misses you.
The tentacled starspawn tentacle-slaps you but does no damage.
The tremorstone explodes into fragments!
The burst of rock shards engulfs the shadow.
The burst of rock shards engulfs the tentacled starspawn!!
The starspawn tentacle loses its grip on you.
The burst of rock shards engulfs the Executioner.
The Executioner is no longer distracted by gold.
The Executioner gives a hideous shriek!
The burst of rock shards engulfs the starspawn tentacle!
The burst of rock shards engulfs you but does no damage.
You hear a shout!
You hear a screech!
You hear a shout! x2
The Executioner hits you.
* * * LOW HITPOINT WARNING * * *
The Executioner hits you but does no damage. x2
The Executioner completely misses you.
The Executioner hits you but does no damage. x2
The shadow slips into darkness.
The shadow flickers and vanishes!
Deactivating autopickup; reactivate with Ctrl-A.
The Executioner hits you!
* * * LOW HITPOINT WARNING * * *
You block the Executioner's attack. The Executioner completely misses you.
The starspawn tentacle completely misses you.
The tentacled starspawn bites you!
You die...
Your body crumbles into a pile of gold.

## .## .. #.
### #.#
..###.##
.###w@#
##.{X1#
...$#.#w##..
..##$#..# .
# ##$#..# #
##$ #.## W.
.#####.# .##
# .## # #
.#.


You could see a tentacled starspawn, an Executioner (fast) and 2 starspawn
tentacles.

Vanquished Creatures
  A tentacled starspawn (Abyss:2)
  2 orc warlords
  A minotaur (Gauntlet)
  Josephine (Lair:4)
  A fire dragon (Lair:5)
  A great orb of eyes (Abyss:2)
  The ghost of BlueFalcon the Destroyer, a journeyman DrCj of Vehumet (D:10)
  3 hydras
  A two-headed ogre (D:9)
  A boulder beetle (D:13)
  A centaur warrior (D:12)
  A death scarab (Gauntlet)
  A death yak (Lair:5)
  An orc high priest (Orc:2)
  3 thrashing horrors
  A skyshark (Lair:5)
  An orc knight (D:12)
  A lindwurm (Lair:5)
  A deep elf pyromancer (D:12)
  3 orc sorcerers (Orc:2)
  3 manticores (D:12)
  An oklob plant (Lair:5)
  3 cyclopes
  4 ugly things (D:12)
  A worldbinder (Abyss:2)
  2 large abominations (Gauntlet)
  26 elephants
  7 black mambas
  2 molten gargoyles (Lair:5)
  Maggie (D:9)
  A torpor snail (Lair:5)
  2 gargoyles
  7 cane toads
  2 rime drakes
  A freezing wraith (D:12)
  A kobold demonologist (D:10)
  15 komodo dragons
  3 ancient zymes (Abyss:2)
  A queen bee (Lair:1)
  2 polar bears
  An ice devil (Abyss:2)
  10 trolls
  11 blink frogs
  3 raiju (Abyss:2)
  19 dream sheep
  A vampire (D:12)
  Sigmund (D:2)
  4 slime creatures
  4 wyverns
  31 yaks
  3 shadows
  7 wraiths
  2 fire bats (Abyss:2)
  Grum (D:8)
  4 basilisks
  A spectral komodo dragon (Gauntlet)
  5 steam dragons
  8 vampire mosquitoes
  7 wargs (Orc:1)
  5 acid dragons
  4 nagas (Lair:3)
  19 water moccasins
  3 hell hounds (Lair:5)
  3 sky beasts
  4 black bears
  33 orc warriors
  4 ice beasts
  11 ogres
  15 wolves
  7 small abominations
  7 centaurs
  A phantom (D:5)
  9 kobold brigands
  4 gnoll sergeants
  20 bullfrogs
  4 scorpions
  8 wights
  35 killer bees
  3 howler monkeys
  An electric eel (Orc:2)
  7 jellies
  5 lava snakes (Lair:5)
  A quasit (Abyss:2)
  23 orc priests
  A hound (D:6)
  2 iron imps (Abyss:2)
  Jessica (D:3)
  3 gnoll boudas (D:11)
  A sleepcap (D:6)
  19 orc wizards
  7 iguanas
  23 gnolls
  6 adders
  A shadow imp (D:6)
  3 white imps
  An ufetubus (D:5)
  3 dart slugs
  106 orcs
  6 bats
  13 endoplasms
  4 giant cockroaches
  6 goblins
  9 hobgoblins
  9 jackals
  A quokka (D:2)
  5 ball pythons
  2 frilled lizards (D:1)
  32 kobolds
  6 rats
  2 starspawn tentacles (Abyss:2)
743 creatures vanquished.

Vanquished Creatures (collateral kills)
  Rupert (Lair:4)
1 creature vanquished.

Vanquished Creatures (others)
  A deep elf pyromancer (D:12)
  A centaur simulacrum (D:12)
  A steam dragon (D:10)
  A sky beast (D:10)
  60 fungi
  71 plants
  3 starspawn tentacles (Abyss:2)
  9 toadstools (D:7)
147 creatures vanquished.

Grand Total: 891 creatures vanquished

Notes
Turn   | Place    | Note
-------+----------+-------------------------------------------
     0 | D:1      | Darkkill the Minotaur Hunter began the quest for the Orb.
     0 | D:1      | Reached XP level 1. HP: 18/18 MP: 0/0
   124 | D:1      | Reached skill level 1 in Stealth
   158 | D:1      | Reached XP level 2. HP: 25/25 MP: 1/1
   451 | D:1      | Found a faded altar of an unknown god.
   659 | D:1      | Reached XP level 3. HP: 31/31 MP: 2/2
   942 | D:2      | Found a runed translucent door.
   943 | D:2      | Noticed Crazy Yiuf
  1060 | D:2      | Noticed Sigmund
  1072 | D:2      | Killed Sigmund
  1073 | D:2      | Reached skill level 5 in Ranged Weapons
  1073 | D:2      | Reached XP level 4. HP: 11/40 MP: 3/3
  1073 | D:2      | Reached XP level 5. HP: 13/46 MP: 4/4
  1451 | D:3      | Reached XP level 6. HP: 19/53 MP: 5/5
  1598 | D:3      | Found Zin's Purification Station.
  1600 | D:3      | Noticed Jessica
  1608 | D:3      | Killed Jessica
  1617 | D:3      | Found Ditsuir's Assorted Antiques.
  1618 | D:3      | Found a glowing silver altar of Zin.
  1932 | D:3      | Identified a scroll of acquirement
  1932 | D:3      | Acquired a +0 heavy longbow
  2011 | D:4      | Found an opulent altar of Gozag.
  2033 | D:4      | Became a worshipper of Gozag Ym Sagoz the Greedy
  2037 | D:4      | Found an ancient bone altar of Kikubaaqudgha.
  2047 | D:4      | Identified the +1 robe of Quantum Leap {rElec}
  2249 | D:4      | Found a broken altar of Ashenzari.
  2600 | D:4      | Reached skill level 5 in Fighting
  2635 | D:5      | Entered Level 5 of the Dungeon
  2709 | D:5      | Reached XP level 7. HP: 61/61 MP: 6/6
  2788 | D:5      | Found a staircase to the Ecumenical Temple.
  2818 | D:5      | Reached skill level 6 in Ranged Weapons
  2857 | D:5      | HP: 6/61 [orc wizard/magic dart (10)]
  2863 | D:5      | Reached skill level 5 in Dodging
  2978 | D:5      | Found a transporter.
  2980 | D:5      | Noticed a two-headed ogre
  2980 | D:5      | Noticed nononono's ghost (weakling HuNe)
  3129 | D:5      | Found a transporter.
  3174 | D:5      | Found a sacrificial altar of Ru.
  3409 | D:6      | Reached XP level 8. HP: 61/70 MP: 7/7
  3672 | D:6      | Reached skill level 7 in Ranged Weapons
  3869 | D:6      | Reached skill level 5 in Stealth
  4180 | D:6      | Found a runed translucent gate.
  4181 | D:6      | Found a runed translucent gate.
  4183 | D:6      | Found a runed translucent gate.
  4183 | D:6      | Noticed roninjake's ghost (novice DsFi)
  4184 | D:6      | Noticed NateTC's ghost (novice MiBe)
  4574 | D:7      | Reached XP level 9. HP: 47/79 MP: 8/8
  4693 | D:7      | Reached skill level 8 in Ranged Weapons
  4754 | D:7      | Identified the +1 halberd "Vejeus" {vamp, rN++ MP+9 Int-4
                  | SInv}
  5122 | D:7      | Reached skill level 9 in Ranged Weapons
  5389 | D:7      | Reached XP level 10. HP: 84/91 MP: 9/9
  5463 | D:7      | Found Jeinofawexao's Antique Weapon Emporium.
  5523 | D:7      | Bought a scroll of teleportation for 39 gold pieces
  5523 | D:7      | Bought a scroll of magic mapping for 97 gold pieces
  5523 | D:7      | Bought a scroll of blinking for 97 gold pieces
  5523 | D:7      | Bought a scroll of magic mapping for 97 gold pieces
  5523 | D:7      | Bought a scroll of identify for 26 gold pieces
  5523 | D:7      | Bought a scroll of identify for 26 gold pieces
  5540 | D:8      | Noticed Grum
  5550 | D:8      | Killed Grum
  5579 | D:8      | Found a blossoming altar of Fedhas.
  5828 | D:8      | Found Romiawno's Book Shop.
  5994 | D:8      | Found a hazy altar of Hepliaklqana.
  6176 | D:8      | Found Tatouga's Distillery.
  6185 | D:8      | Bought a potion of heal wounds for 55 gold pieces
  6185 | D:8      | Bought a potion of heal wounds for 55 gold pieces
  6185 | D:8      | Bought a potion of curing for 33 gold pieces
  6185 | D:8      | Bought a potion of invisibility for 88 gold pieces
  6185 | D:8      | Bought a potion of curing for 33 gold pieces
  6491 | D:8      | Found Bana's Jewellery Boutique.
  6501 | D:8      | Found Forr's Assorted Antiques.
  6506 | D:8      | Bought a potion of curing for 72 gold pieces
  6541 | D:8      | Found an iron altar of Okawaru.
  6663 | D:9      | Noticed Maggie
  6670 | D:9      | Reached skill level 10 in Fighting
  6681 | D:9      | Killed Maggie
  6682 | D:9      | Reached skill level 10 in Ranged Weapons
  6729 | D:9      | Noticed a two-headed ogre
  6736 | D:9      | Killed a two-headed ogre
  6969 | D:9      | Found a transporter.
  6983 | D:9      | Noticed a hell hog
  6986 | D:9      | Noticed a toenail golem
  6991 | D:9      | Found a transporter.
  7047 | D:9      | Reached XP level 11. HP: 69/101 MP: 10/10
  7450 | D:10     | Entered Level 10 of the Dungeon
  7584 | D:10     | Found a staircase to the Lair.
  7610 | D:10     | Reached skill level 10 in Dodging
  7704 | D:10     | Noticed BlueFalcon's ghost (journeyman DrCj)
  7747 | D:10     | Found a runed translucent door.
  7790 | D:10     | HP: 17/102 [something] (11)]
  8216 | D:10     | Reached skill level 11 in Ranged Weapons
  8254 | D:10     | Found a bloodstained altar of Trog.
  8434 | D:10     | HP: 19/102 [BlueFalcon's ghost/magic dart (8)]
  8435 | D:10     | HP: 6/102 [BlueFalcon's ghost (20)]
  8440 | D:10     | HP: 20/102 [BlueFalcon's ghost/magic dart (8)]
  8445 | D:10     | Killed BlueFalcon's ghost
  8702 | Lair:1   | Entered Level 1 of the Lair of Beasts
  9722 | Lair:1   | Bought a twisted longbow for 345 gold pieces
  9722 | Lair:1   | Identified the +4 longbow "Olyar" {antimagic, rElec rF+
                  | Str+2 Dex+3} (You bought it in a shop on level 1 of the
                  | Lair of Beasts)
  9908 | Lair:2   | Found a staircase to the Swamp.
  9913 | Lair:2   | Reached XP level 12. HP: 111/112 MP: 3/11
 10273 | Lair:2   | Reached skill level 12 in Ranged Weapons
 10687 | Lair:2   | Acquired a manual of Ranged Weapons
 11033 | Lair:3   | Noticed an eight-headed hydra
 11050 | Lair:3   | Found a basalt altar of Yredelemnul.
 11055 | Lair:3   | Reached skill level 13 in Ranged Weapons
 11187 | Lair:3   | Reached skill level 10 in Stealth
 11250 | Lair:3   | Killed an eight-headed hydra
 11542 | Lair:3   | Found a staircase to the Snake Pit.
 11649 | Lair:4   | Noticed Josephine
 11765 | Lair:4   | Got the Anthology of Fumes
 11834 | Lair:4   | You fall into a shaft and drop 1 floor!
 11834 | Lair:5   | Entered Level 5 of the Lair of Beasts
 11864 | Lair:4   | Reached XP level 13. HP: 44/122 MP: 4/12
 11981 | Lair:4   | Killed Josephine
 12076 | Lair:4   | Reached skill level 14 in Ranged Weapons
 12177 | Lair:4   | Found a viscous altar of Jiyva.
 12177 | Lair:4   | Found a staircase to the Slime Pits.
 13362 | Lair:4   | Bought a dazzling chain mail for 237 gold pieces
 13362 | Lair:4   | Identified the +5 chain mail of Responsibility {rN++ Will+
                  | Str+3 Stlth-} (You bought it in a shop on level 4 of the
                  | Lair of Beasts)
 13433 | Lair:5   | Noticed Rupert
 13434 | Lair:5   | Paralysed by Rupert for 2 turns
 13461 | Lair:4   | Killed Rupert
 13756 | Lair:4   | Reached skill level 15 in Ranged Weapons
 14750 | Lair:5   | Reached XP level 14. HP: 129/133 MP: 4/13
 14756 | Lair:5   | Reached skill level 16 in Ranged Weapons
 14878 | Lair:5   | Found a hide-covered altar of Uskayaw.
 15097 | Lair:5   | Reached skill level 15 in Fighting
 15267 | Lair:5   | Found a large runed translucent door.
 15357 | Lair:5   | Found a large runed translucent door.
 16425 | D:11     | Found a gate leading to a gauntlet.
 16438 | Gauntlet | Entered a Gauntlet
 16438 | Gauntlet | Found a transporter.
 16455 | Gauntlet | Found a transporter.
 16457 | Gauntlet | Found a transporter.
 16459 | Gauntlet | Found a transporter.
 16474 | Gauntlet | Found a transporter.
 16499 | Gauntlet | Found a transporter.
 16507 | Gauntlet | Found a transporter.
 16525 | Gauntlet | Found a transporter.
 16545 | Gauntlet | Found a transporter.
 16557 | Gauntlet | Found a transporter.
 16569 | Gauntlet | Found a transporter.
 16581 | Gauntlet | Found a transporter.
 16627 | Gauntlet | Found a transporter.
 16645 | Gauntlet | Found a transporter.
 16665 | Gauntlet | Found a transporter.
 16667 | Gauntlet | Found a transporter.
 16715 | Gauntlet | Found a transporter.
 16717 | Gauntlet | Found a transporter.
 16811 | Gauntlet | Identified the +0 swamp dragon scales "Sinunn" {rPois
                  | Str+3}
 16920 | Gauntlet | Identified the +7 lajatang of Wada {venom, *Corrode rElec
                  | Dex+6}
 16923 | Gauntlet | Identified the ring of Umoptagh {rF+ rN+ Int+2 Dex+2
                  | Stlth-}
 16976 | Gauntlet | Got the Dissertation on Baleful Minerals
 16976 | Gauntlet | Got Matunwy's Annotations on Destructive Lightning
 17232 | D:11     | Reached skill level 17 in Ranged Weapons
 17348 | D:11     | Found a sacrificial altar of Ru.
 17908 | D:11     | Bought a pitted plate armour for 840 gold pieces
 17908 | D:11     | Identified the +6 plate armour of the Eight Beasts {rN+}
                  | (You bought it in a shop on level 11 of the Dungeon)
 18005 | D:11     | Bought a pair of scorched boots for 285 gold pieces
 18005 | D:11     | Identified the +2 pair of boots of Ufuwkel {Will- Str+2
                  | Int+9} (You bought it in a shop on level 11 of the Dungeon)
 18053 | D:12     | Found Numupte's Weapon Shop.
 18053 | D:12     | Found a staircase to the Orcish Mines.
 18573 | D:12     | Found Anemoat's Jewellery Emporium.
 19175 | Orc:1    | Entered Level 1 of the Orcish Mines
 19281 | Orc:1    | Noticed an orc warlord
 19293 | Orc:1    | Killed an orc warlord
 19861 | Orc:2    | Entered Level 2 of the Orcish Mines
 19889 | Orc:2    | Found Yxuirch's General Store.
 20066 | Orc:2    | Found Xamnini's Assorted Antiques.
 20264 | Orc:2    | Found Nuemnun's Magic Scroll Shoppe.
 20267 | Orc:2    | Bought a scroll of enchant weapon for 112 gold pieces
 20583 | Orc:2    | Found Jiuruvil's General Store.
 20683 | Orc:2    | Noticed an orc warlord
 20699 | Orc:2    | Reached XP level 15. HP: 140/144 MP: 4/14
 20707 | Orc:2    | Reached skill level 15 in Dodging
 21066 | Orc:2    | Found Ezuarphuasch's Antique Armour Emporium.
 21068 | Orc:2    | Found Okosyh's Antique Weapon Shoppe.
 21075 | Orc:2    | Bought a pitted lajatang for 640 gold pieces
 21075 | Orc:2    | Identified the +8 lajatang of Dismay {flame, Will+ Str+2
                  | Int+5} (You bought it in a shop on level 2 of the Orcish
                  | Mines)
 21144 | Orc:2    | Found a staircase to the Elven Halls.
 21146 | Orc:2    | Found Pumab's Distillery.
 21154 | Orc:2    | Bought a potion of heal wounds for 90 gold pieces
 21215 | Orc:2    | Found Eliostak's Book Emporium.
 21269 | Orc:2    | Found Ucuskoma's Book Boutique.
 21613 | D:13     | Noticed Erolcha
 21618 | Abyss:2  | Cast into level 2 of the Abyss (Erolcha)
 21782 | Abyss:2  | Noticed a tentacled starspawn
 21792 | Abyss:2  | Killed a tentacled starspawn
 21914 | Abyss:2  | Noticed an Executioner
 21916 | Abyss:2  | Noticed a tentacled starspawn
 21927 | Abyss:2  | HP: 28/145 [constriction[a tentacled starspawn] (3)]
 21929 | Abyss:2  | HP: 10/145 [Executioner (8)]
 21929 | Abyss:2  | Slain by a tentacled starspawn

Illustrated notes

Levels and vault maps discovered:
D:1:      psy_arrival_conway, layout_loops_ring,
          hellmonk_ecumenical_altar_blasted
D:2:      layout_rooms, uniq_sigmund, uniq_crazy_yiuf_cottage
D:3:      layout_basic, zin_purify, serial_shops, shop, uniq_jessica
D:4:      layout_rooms, mainiacjoe_overflow_alcove_4,
          ashenzari_conservatory_becter, grunt_gozag_statues
D:5:      layout_basic, kennysheep_mini_moat,
          minmay_temple_entry_drinking_statues, gammafunk_ghost_arena
D:6:      corexii_shack_village, layout_loops_corners, gammafunk_ghost_cemetery,
          minmay_unpleasant_kobolds
D:7:      cheibrodos_fertilizer, layout_rooms, serial_shops, shop,
          minmay_misc_feat_encased, hex_intersection,
          chequers_serial_rivers_marsh
D:8:      layout_loops_cross, fedhas_bush_and_centaur_altar,
          mainiacjoe_overflow_surrounded_room, mainiacjoe_overflow_alcove_2,
          serial_shops, nicolae_shop_rolling_square, nicolae_shop_statue_plus,
          shop, nicolae_lakefront_shop, uniq_grum
D:9:      layout_cave_pools, gammafunk_ghost_abyssal_escape, uniq_maggie
D:10:     layout_irregular_city, trog_butcher_becter,
          due_lair_maze_entry_diamond, hellmonk_ghost_happy_afterlife,
          st_stairs_7, hangedman_misty_isle
D:11:     kennysheep_seaside_town, layout_cave_pools, gauntlet_entry_generic,
          nicolae_ru_awakened_eye
D:12:     layout_loops_ring, orc_david_3, serial_shops, nicolae_shop_stone,
          minmay_pinched_square
D:13:     layout_long_grid, ximxim_vaults_locker_room, uniq_erolcha
Lair:1:   layout_roguey [special_room_bee], grunt_megastairs_1,
          lemuel_fruit_tree, lemuel_fruit_fields
Lair:2:   layout_gridlike, minmay_swamp_entry_swarm, beast_lair_carwin_3,
          serial_bayou_shore_a
Lair:3:   layout_hall_layers, minmay_snake_entry_guardpost_medium, basic_altar
Lair:4:   layout_long_grid, minmay_slime_entry_pillars, grunt_megastairs_2,
          uniq_josephine
Lair:5:   cheibrodos_lair_end_hotspot, layout_regular_city, st_stairs_10,
          lemuel_oklob_altar, uniq_rupert
Orc:1:    cheibrodos_orc_guarddog, layout_caves, serial_shops
Orc:2:    grunt_orc_community_town_hall, layout_diamond_mine,
          grunt_orc_community_big_house_1, grunt_orc_community_big_house_1,
          grunt_orc_community_house_2, grunt_orc_community_house_3,
          grunt_orc_community_house_2, grunt_orc_community_house_1,
          serial_shops, nicolae_shop_real_fake_doors, nicolae_square_shop,
          nicolae_shop_waterfront, shop, shop, minmay_orc_keep
Abyss:2:  base:
D:9

Skill      XL: |  1  2  3  4  5  6  7  8  9 10 11 12 13 14 15 |
---------------+----------------------------------------------+-----
Stealth        | 1 2 3 4 5 6 7 9 10 11 12 | 12.8
Fighting       | 3 4 5 6 7 9 10 12 13 14 16 | 16.5
Ranged Weapons | 5 6 7 9 10 11 13 15 17 | 17.9
Dodging        | 3 4 5 6 8 9 11 12 13 14 15 | 15.2

Action                     |  1- 3 |  4- 6 |  7- 9 | 10-12 | 13-15 || total
---------------------------+-------+-------+-------+-------+-------++-------
  Melee: Longbow           |       |       |     3 |       |       ||     3
         Headbutt          |       |       |     2 |       |       ||     2
   Fire: Shortbow          |    94 |    61 |       |       |       ||   155
         Longbow           |       |    38 |   210 |   598 |  1204 ||  2050
 Invoke: Call Merchant     |       |       |       |     2 |     2 ||     4
  Evoke: Wand              |       |       |       |    16 |    14 ||    30
         Phantom mirror    |       |       |       |       |     1 ||     1
         Tin of tremorston |       |       |       |       |     1 ||     1
    Use: Scroll            |     1 |     8 |     5 |    16 |     9 ||    39
         Potion            |     1 |     1 |     3 |    12 |     4 ||    21
 Armour: Leather armour    |     4 |     6 |    21 |    35 |    11 ||    77
         Chain mail        |       |       |       |       |   220 ||   220
  Dodge: Dodged            |    26 |    68 |   204 |   623 |  1023 ||  1944
  Block: Other             |       |       |       |    59 |   234 ||   293
         Reflection        |       |       |       |     1 |     6 ||     7

Table legend: (Time is in decaauts)
 A = Elapsed time spent in this place.
 B = Non-inter-level travel time spent in this place.
 C = Inter-level travel time spent in this place.
 D = Time resting spent in this place.
 E = Time spent auto-exploring this place.
 F = Levels seen in this place.
 G = Mean time per level.
                   A        B        C        D        E       F      G
               +--------+--------+--------+--------+--------+-----+--------+
         Total |  22506 |  21447 |   1059 |    872 |  15873 |  22 | 1023.0 |
       Dungeon |  11547 |  10951 |    596 |    315 |   8372 |  13 |  888.2 |
          Lair |   7702 |   7341 |    361 |    457 |   5505 |   5 | 1540.4 |
  Orcish Mines |   2397 |   2295 |    102 |    100 |   1791 |   2 | 1198.5 |
         Abyss |    311 |    311 |      0 |      0 |    204 |   1 |  311.0 |
      Gauntlet |    547 |    547 |      0 |      0 |      0 |   1 |  547.0 |
               +--------+--------+--------+--------+--------+-----+--------+

Top non-repeatable levels by time:
  Lair:4: 2425 daAuts
  Lair:5: 2182 daAuts
   Orc:2: 1536 daAuts
    D:10: 1390 daAuts
  Lair:1: 1272 daAuts
     D:6: 1210 daAuts
     D:8: 1156 daAuts
    D:12: 1137 daAuts
    D:11: 1135 daAuts
     D:7: 1054 daAuts
  Lair:3: 962 daAuts
     D:9: 873 daAuts
   Orc:1: 860 daAuts
  Lair:2: 859 daAuts
     D:5: 829 daAuts

Table legend:
 A = Kills in this place as a percentage of kills in the entire game.
 B = Kills by you in this place as a percentage of kills by you in the entire game.
 C = Kills by friends in this place as a percentage of kills by friends in the entire game.
 D = Other kills in this place as a percentage of other kills in the entire game.
 E = Experience gained in this place as a percentage of experience gained in the entire game.
 F = Experience gained in this place divided by the number of levels of this place that you have seen.
                   A       B       C       D       E      F
               +-------+-------+-------+-------+-------+----------------------
         Total | 100.0 | 100.0 | 100.0 | 100.0 | 100.0 | 5172.4
       Dungeon |  50.9 |  50.7 |   0.0 | 100.0 |  28.1 | 2462.2
          Lair |  29.5 |  29.6 | 100.0 |   0.0 |  51.8 | 11783.0
  Orcish Mines |  15.4 |  15.5 |   0.0 |   0.0 |   9.9 | 5629.5
         Abyss |   2.4 |   2.4 |   0.0 |   0.0 |   5.6 | 6354.0
      Gauntlet |   1.7 |   1.8 |   0.0 |   0.0 |   4.6 | 5255.0
               +-------+-------+-------+-------+-------+----------------------
